 Dungeon Crawl Stone Soup version 0.31-a0-859-g9dce7d3444 (webtiles) character file.

Game seed: 6082040051198122262

51 Maratek the Poker (level 3, -2/28 HPs)
             Began as a Merfolk Gladiator on Oct 9, 2023.
             Slain by Sigmund
             ... wielding a +0 scythe
              (3 damage)
             ... on level 2 of the Dungeon.
             The game lasted 00:02:15 (1044 turns).

Maratek the Poker (Merfolk Gladiator)               Turns: 1044, Time: 00:02:15

Health: -2/28      AC:  4    Str: 16    XL:     3   Next: 83%
Magic:  3/3        EV: 13    Int:  7    God:
Gold:   156        SH:  0    Dex: 15    Spells: 2/2 levels left

rFire   . . .        a - +0 trident
rCold   . . .        (no shield)
rNeg    . . .        b - +0 leather armour
rPois   .            c - +0 helmet
rElec   .            (no cloak)
rCorr   .            (no gloves)
SInv    .            (no boots)
Will    .....        (no amulet)
Stlth   +            (no ring)
HPRegen 0.24/turn    (no ring)
MPRegen 0.08/turn

%: no passive effects
@: confused
A: (nimble swimmer 2), mertail
a: no special abilities


You were on level 2 of the Dungeon.
You visited 1 branch of the dungeon, and saw 2 of its levels.

You collected 156 gold pieces.

Inventory:

Hand Weapons
 a - a +0 trident (weapon)
Missiles
 d - 3 throwing nets (quivered)
 e - a javelin
Armour
 b - a +0 leather armour (worn)
 c - a +0 helmet (worn)
Scrolls
 g - 4 scrolls of identify {unknown}
 h - 2 scrolls of teleportation {unknown}
 i - a scroll of immolation {unknown}
 j - a scroll of poison {unknown}
 n - a scroll of vulnerability {unknown}
Potions
 f - a potion of attraction {unknown}
 k - a potion of resistance {unknown}
 l - a potion of haste {unknown}
 m - 2 potions of enlightenment {unknown}


   Skills:
 + Level 2.6 Fighting
 + Level 5.0 Polearms
 + Level 2.1 Throwing
 + Level 0.1 Armour
 + Level 4.9 Dodging


You had 2 spell levels left.
You didn't know any spells.
Your spell library contained the following spells:

 Spells                   Type           Power      Damage    Failure   Level
 Apportation              Tloc           0%         N/A       50%         1
 Necrotise                Necr           0%         1d4       50%         1
 Summon Small Mammal      Summ           0%         N/A       50%         1


Dungeon Overview and Level Annotations

Branches:
Dungeon (2/15)

Altars:
Vehumet

Annotations:
D:2 Sigmund


Innate Abilities, Weirdness & Mutations

((You are very nimble when in or above water. (Stealth+, EV+, Speed+++)))
Your lower body shifts to a powerful aquatic tail in water.


Message History

The puff of flame hits you!
You reach to attack!
You hit Sigmund but do no damage.
Sigmund is heavily wounded.
Sigmund hits you from afar with a +0 scythe.
You reach to attack!
You hit Sigmund.
Sigmund is severely wounded.
Sigmund barely misses you.
You reach to attack!
You hit Sigmund but do no damage.
Sigmund is severely wounded.
You reach to attack!
You barely miss Sigmund.
Sigmund is severely wounded.
Sigmund hits you from afar with a +0 scythe.
You are too injured to fight recklessly!
You are too injured to fight recklessly!
Sigmund closely misses you.
You closely miss Sigmund.
Sigmund is severely wounded.
You closely miss Sigmund.
Sigmund is severely wounded.
Sigmund hits you with a +0 scythe.
You puncture Sigmund!
Sigmund is almost dead.
Sigmund barely misses you.
You closely miss Sigmund.
Sigmund is almost dead.
You closely miss Sigmund.
Sigmund is almost dead.
Sigmund hits you with a +0 scythe!
* * * LOW HITPOINT WARNING * * *
You closely miss Sigmund.
Sigmund is almost dead.
Sigmund gestures at you while chanting. You resist with significant effort.
You barely miss Sigmund.
Sigmund is almost dead.
Sigmund casts a spell at you.
You are confused.
Sigmund hits you from afar with a +0 scythe.
You die...
Sigmund begins carving another notch in his scythe.

### ..# #.#####
########## #.#...
.......... #####.#.#
#.........
###.......#
#.#####..#
........@# #.# #..#
###.##@#.#
####.#####..#
#.#.####.......<....
#.#.........#####..#
.............####
#... #...#.#.######
##.# ##.##.#.# #.#
#.##.#.# #.#
#.##.#.# #.#


You could see Sigmund.

Vanquished Creatures
  A gnoll (D:1)
  5 ball pythons
  7 bats (D:1)
  4 endoplasms
  5 giant cockroaches (D:1)
  2 goblins (D:1)
  3 hobgoblins (D:1)
  2 kobolds (D:1)
  A quokka (D:1)
  6 rats
36 creatures vanquished.

Notes
Turn   | Place    | Note
-------+----------+-------------------------------------------
     0 | D:1      | Maratek the Merfolk Gladiator began the quest for the Orb.
     0 | D:1      | Reached XP level 1. HP: 16/16 MP: 1/1
    67 | D:1      | Reached XP level 2. HP: 19/23 MP: 2/2
   277 | D:1      | Reached XP level 3. HP: 28/28 MP: 3/3
   655 | D:1      | Reached skill level 5 in Polearms
   744 | D:2      | Found a radiant altar of Vehumet.
  1028 | D:2      | Noticed Sigmund
  1041 | D:2      | HP: 1/28 [Sigmund/+0 scythe (10)]
  1044 | D:2      | Slain by Sigmund

Illustrated notes

Levels and vault maps discovered:
D:1:      dpeg_arrival_subterranean_lakeside_camping, layout_rooms
D:2:      layout_loops_ring, basic_altar, basic_ecumenical_altar,
          guppyfry_early_lair_pool, uniq_sigmund

Skill      XL: |  1  2  3 |
---------------+----------+-----
Polearms       | 5 |  5.0
Fighting       | |  2.6
Throwing       | |  2.1
Armour         | |  0.1
Dodging        | |  4.9

Action                     || total
---------------------------++-------
  Melee: Trident           ||   111
   Stab: Sleeping          ||     3
 Armour: Leather armour    ||    42
  Dodge: Dodged            ||    66

Table legend: (Time is in decaauts)
 A = Elapsed time spent in this place.
 B = Non-inter-level travel time spent in this place.
 C = Inter-level travel time spent in this place.
 D = Time resting spent in this place.
 E = Time spent auto-exploring this place.
 F = Levels seen in this place.
 G = Mean time per level.
                   A        B        C        D        E       F      G
               +--------+--------+--------+--------+--------+-----+--------+
         Total |   1041 |   1029 |     12 |      0 |    802 |   2 |  520.5 |
       Dungeon |   1041 |   1029 |     12 |      0 |    802 |   2 |  520.5 |
               +--------+--------+--------+--------+--------+-----+--------+

Top non-repeatable levels by time:
     D:1: 675 daAuts
     D:2: 365 daAuts
